 Dungeon Sprint DCSS version 0.27.1-33-g824d729ab1 (webtiles) character file.

Game seed: 3714358764809387148

2287 manyhoops the Imperceptible (level 9, -5/41 HPs)
             Began as a Spriggan Warper on Nov 28, 2021.
             Slain by a centaur warrior (6 damage)
             ... in the Dungeon (Sprint I: "Red Sonja").
             The game lasted 00:04:32 (768 turns).

manyhoops the Imperceptible (Spriggan Warper)        Turns: 768, Time: 00:04:33

Health: -5/41      AC:  2    Str:  7    XL:     9   Next: 17%
Magic:  14/23      EV: 19    Int: 15    God:
Gold:   118        SH:  0    Dex: 17    Spells: 0/13 levels left

rFire    . . .     SeeInvis +   a - +0 short sword
rCold    + . .     Faith    .   (shield restricted)
rNeg     + . .     Spirit   .   b - +0 robe
rPois    .         Reflect  .   (helmet restricted)
rElec    +         Harm     .   (no cloak)
rCorr    .         Rampage  .   (gloves unavailable)
Will     +....     NoTele   +   (boots unavailable) Stlth *+++++++++
                                (no amulet)
HPRegen  0.13/turn              k - ring of Diffil {rElec rC+ rN+ MP+9 Stlth+}
MPRegen  0.18/turn              (no ring)

@: very quick
A: very small, no large weapons, unfitting armour, see invisible, speed 3
a: no special abilities


You were in the Dungeon.
You visited 1 branch You collected 646 gold pieces.
You spent 528 gold pieces at shops.

Inventory:

Hand Weapons
 a - a +0 short sword (weapon)
Missiles
 d - 11 poisoned darts (quivered)
 j - 2 curare-tipped darts
Armour
 b - a +0 robe (worn)
Jewellery
 k - the ring of Diffil (left hand) {rElec rC+ rN+ MP+9 Stlth+}
   (You bought it in a shop in the Dungeon)

   [ring of magical power]

   rC:        It protects you from cold.
   rElec:     It insulates you from electricity.
   rN:        It protects you from negative energy.
   MP:        It affects your magic capacity (+9).
   Stlth:     It makes you more stealthy.
Wands
 f - a wand of digging (6)
Potions
 e - 4 potions of curing
 g - a potion of haste
 h - 2 potions of magic
 i - a potion of lignification {unknown}
 l - a potion of heal wounds


   Skills:
 - Level 1.5 Fighting
 - Level 3.0 Short Blades
 - Level 1.0 Throwing
 + Level 4.4 Dodging
 - Level 26.7 Stealth
 - Level 2.6 Spellcasting
 - Level 4.4 Translocations


You couldn't memorise any spells.
You knew the following spells:

 Your Spells              Type           Power      Damage    Failure   Level
a - Blink                 Tloc           N/A        N/A       5%          2
b - Gell's Gravitas       Tloc           7%         N/A       11%         3
c - Teleport Other        Tloc           15%        N/A       11%         3
d - Manifold Assault      Tloc           15%        N/A       67%         5

Your spell library contained the following spells:

 Spells                   Type           Power      Damage    Failure   Level
 Lesser Beckoning         Tloc           7%         N/A       11%         3
 Sandblast                Erth           4%         2d4       21%         1
 Passwall                 Tmut/Erth      1%         N/A       30%         2
 Lee's Rapid Deconstruct  Erth           1%         3d5*      99%         5


Dungeon Overview and Level Annotations

Branches:
Dungeon (1/1)

Altars:
Cheibriados
Dithmenos
Elyvilon
Fedhas
Gozag
Hepliaklqana
Kikubaaqudgha
Makhleb
Nemelex Xobeh
Okawaru
Qazlal
Ru
Sif Muna
Trog
Uskayaw
Vehumet
Wu Jian
Xom
Yredelemnul
Zin
The Shining One
Jiyva
Lugonu

Shops:
D :=[


Innate Abilities, Weirdness & Mutations

You are very small and have problems with some larger weapons.
You are too small for most types of armour.
You have supernaturally acute eyesight. (SInv)
You cover ground extremely quickly. (Speed+++)


Message History

The centaur warrior hits you! The centaur warrior misses you.
Unknown command.
Casting: Gell's Gravitas (dangerous; 11% risk of failure)
Confirm with . or Enter, or press ? or * to list all spells.
Aiming: Gell's Gravitas (dangerous; 11% risk of failure)
Press: ? - help, Dir - move target, f/p - centaur warrior
Aim: a centaur warrior, quivering arrows Gravity reorients around the centaur warrior.
The centaur warrior barely misses you.
The centaur warrior kicks you but does no damage.
The centaur warrior hits you but does no damage.
The centaur warrior kicks you.
* * * LOW HITPOINT WARNING * * *
Casting: Gell's Gravitas (dangerous; 11% risk of failure)
Confirm with . or Enter, or press ? or * to list all spells.
Aiming: Gell's Gravitas (dangerous; 11% risk of failure)
Press: ? - help, Dir - move target, f/p - centaur warrior
Aim: a centaur warrior, quivering arrows Gravity reorients around the centaur warrior.
The centaur warrior closely misses you. The centaur warrior kicks you.
* * * LOW HITPOINT WARNING * * *
Unknown command.
Throw: 13 darts (poison)
Press: ? - help, Q - select action, (/) - cycle Shift-Dir - straight line, f/p - centaur warrior
Aim: a centaur warrior, quivering arrows (67% to hit)
You throw a poisoned dart.
The poisoned dart hits the centaur warrior.
The centaur warrior hits you.
* * * LOW HITPOINT WARNING * * *
The centaur warrior kicks you.
* * * LOW HITPOINT WARNING * * *
The centaur warrior closely misses you. The centaur warrior barely misses you.
Throw: 12 darts (poison)
Press: ? - help, Q - select action, (/) - cycle Shift-Dir - straight line, f/p - centaur warrior
Aim: a centaur warrior, quivering arrows (67% to hit)
You throw a poisoned dart.
The poisoned dart hits the centaur warrior.
The centaur warrior is poisoned.
The centaur warrior hits you.
You die...

##########################
#<.#..'..#.)'..#__#..'..)#
#..'..#.)'..#..'..'..#.).#
#).#####'#####'#__####...+
#..####..#...#@####§$#####
#..#__####..##c#≈≈§§c#
#..#_____##'#_c§§§§c§+
#⌠⌠#_.∩...'..._#§≈§§c#
####_..__##_.#'##§####
#_____###'#.#§§.(###
############.####c###)##
#∩^.......'...'c.[..'.∩#
###++++####.).##########


You could see 2 centaur warriors.

Vanquished Creatures
  Sonja (D)
  A deep troll (D)
  2 kobold demonologists (D)
  A slime creature (D)
  Sigmund (D)
  A yak (D)
  A floating eye (D)
  An ogre (D)
  A jelly (D)
  Ijyb (D)
11 creatures vanquished.

Notes
Turn   | Place    | Note
-------+----------+-------------------------------------------
     0 | D        | manyhoops the Spriggan Warper began the quest for the Orb.
     0 | D        | Reached XP level 1. HP: 10/10 MP: 5/5
     1 | D        | Noticed Ijyb
    12 | D        | Killed Ijyb
    13 | D        | Reached skill level 9 in Stealth
    13 | D        | Reached XP level 2. HP: 9/14 MP: 6/6
   208 | D        | Noticed an ogre
   211 | D        | Killed an ogre
   212 | D        | Reached skill level 13 in Stealth
   212 | D        | Reached XP level 3. HP: 18/18 MP: 8/8
   212 | D        | Reached XP level 4. HP: 22/22 MP: 9/9
   320 | D        | Noticed Sigmund
   323 | D        | Killed Sigmund
   324 | D        | Reached skill level 17 in Stealth
   324 | D        | Reached XP level 5. HP: 25/25 MP: 10/10
   324 | D        | Reached XP level 6. HP: 30/30 MP: 11/11
   335 | D        | Found an ornate altar of the Wu Jian Council.
   335 | D        | Found a shimmering blue altar of Sif Muna.
   337 | D        | Found a radiant altar of Vehumet.
   427 | D        | Found Imusykky's Jewellery Emporium.
   427 | D        | Found an ancient bone altar of Kikubaaqudgha.
   427 | D        | Found a hazy altar of Hepliaklqana.
   427 | D        | Found a stormy altar of Qazlal.
   427 | D        | Found a hide-covered altar of Uskayaw.
   427 | D        | Found a blossoming altar of Fedhas.
   427 | D        | Found a bloodstained altar of Trog.
   427 | D        | Found an iron altar of Okawaru.
   427 | D        | Found a basalt altar of Yredelemnul.
   427 | D        | Found a glowing golden altar of the Shining One.
   427 | D        | Found a snail-covered altar of Cheibriados.
   427 | D        | Found a sacrificial altar of Ru.
   427 | D        | Found a glowing silver altar of Zin.
   427 | D        | Found a shadowy altar of Dithmenos.
   427 | D        | Found a white marble altar of Elyvilon.
   427 | D        | Noticed a yak
   428 | D        | Found an opulent altar of Gozag.
   429 | D        | Killed a yak
   430 | D        | Reached skill level 19 in Stealth
   430 | D        | Found a sparkling altar of Nemelex Xobeh.
   451 | D        | Found a viscous altar of Jiyva.
   451 | D        | Found a corrupted altar of Lugonu.
   451 | D        | Noticed a slime creature
   452 | D        | Found a burning altar of Makhleb.
   452 | D        | Found a shimmering altar of Xom.
   454 | D        | Killed a slime creature
   455 | D        | Reached skill level 20 in Stealth
   455 | D        | Reached XP level 7. HP: 33/33 MP: 12/12
   467 | D        | Noticed a kobold demonologist
   468 | D        | Noticed a kobold demonologist
   471 | D        | Reached skill level 21 in Stealth
   472 | D        | Killed a kobold demonologist
   473 | D        | Reached skill level 22 in Stealth
   493 | D        | Noticed a red devil
   499 | D        | Killed a kobold demonologist
   500 | D        | Reached skill level 23 in Stealth
   500 | D        | Reached XP level 8. HP: 24/37 MP: 13/13
   624 | D        | Noticed Sonja
   628 | D        | Killed Sonja
   629 | D        | Reached skill level 25 in Stealth
   647 | D        | Noticed a deep troll
   651 | D        | Killed a deep troll
   652 | D        | Reached skill level 26 in Stealth
   652 | D        | Reached XP level 9. HP: 41/41 MP: 14/14
   674 | D        | Bought the ring of Diffil {rElec rC+ rN+ MP+9 Stlth+} for
                  | 528 gold pieces
   687 | D        | Found Xeolliq's Book Boutique.
   698 | D        | Learned a level 2 spell: Blink
   702 | D        | Learned a level 3 spell: Gell's Gravitas
   706 | D        | Learned a level 3 spell: Teleport Other
   712 | D        | Learned a level 5 spell: Manifold Assault
   730 | D        | Found Yvoegg's Armour Emporium.
   752 | D        | Noticed a centaur warrior
   752 | D        | Noticed a centaur warrior
   767 | D        | HP: 1/41 [centaur warrior (4)]
   768 | D        | Slain by a centaur warrior

Illustrated notes

Levels and vault maps discovered:
D:        dungeon_sprint_1 [red_sonja_temple_1, red_sonja_temple_small_1]

Skill      XL: |  1  2  3  4  5  6  7  8 |
---------------+-------------------------+-----
Stealth        | 9 13 17 20 23 26 | 26.7
Short Blades   | 3 |  3.0
Dodging        | 4 |  4.4
Fighting       | |  1.5
Throwing       | |  1.0
Spellcasting   | |  2.6
Translocations | |  4.4

Action                   |  1- 3 |  4- 6 |  7- 9 || total
-------------------------+-------+-------+-------++-------
Melee: Short sword       |     9 |     5 |    16 ||    30
Throw: Boomerang         |     2 |     3 |       ||     5
       Dart              |       |     2 |    15 ||    17
 Cast: Gell's Gravitas   |       |       |     3 ||     3
  Use: Potion            |     1 |       |     1 ||     2
       Scroll            |       |       |     2 ||     2
 Stab: Sleeping          |     1 |     3 |     4 ||     8
Armor: Robe              |     1 |       |     5 ||     6
Dodge: Dodged            |     4 |     3 |    39 ||    46
